 Dungeon Crawl Stone Soup version 0.30-a0-948-g4fa250aae5 (webtiles) character file.

Game seed: 8005074056920940831

86 cheesebisquit the Ruffian (level 4, -4/44 HPs)
             Began as a Troll Fighter on Mar 26, 2023.
             Slain by a gnoll
             ... wielding a +0 flail
              (10 damage)
             ... on level 2 of the Dungeon.
             The game lasted 00:07:02 (2007 turns).

cheesebisquit the Ruffian (Troll Fighter)           Turns: 2007, Time: 00:07:02

Health: -4/44      AC:  4    Str: 26    XL:     4   Next: 26%
Magic:  3/3        EV:  8    Int:  4    God:
Gold:   104        SH:  7    Dex:  9    Spells: 3/3 levels left

rFire   . . .      SeeInvis .      - Unarmed
rCold   . . .      Faith    .    b - +0 kite shield
rNeg    . . .      Spirit   .    k - +0 animal skin
rPois   .          Reflect  .    (helmet restricted)
rElec   .          Rampage  .    (no cloak)
rCorr   .                        (gloves unavailable)
Will    .....                    (boots unavailable)
Stlth   +                        (no amulet)
HPRegen 1.07/turn                (no ring)
MPRegen 0.08/turn                (no ring)

@: mighty
A: large, unfitting armour, claws 3, regeneration 1, shaggy fur 1, tough skin 1
a: no special abilities


You were on level 2 of the Dungeon.
You visited 1 branch of the dungeon, and saw 3 of its levels.

You collected 104 gold pieces.

Inventory:

Missiles
 a - 6 stones (quivered)
Armour
 b - a +0 kite shield (worn)
 k - a +0 animal skin (worn)
Scrolls
 d - 2 scrolls of brand weapon {unknown}
 f - 2 scrolls of teleportation {unknown}
 i - a scroll of blinking {unknown}
 j - a scroll of noise {unknown}
Potions
 c - a potion of might
 e - 2 potions of curing {unknown}
 g - a potion of brilliance {unknown}
 h - a potion of degeneration {unknown}


   Skills:
 + Level 2.9 Fighting
 - Level 2.4 Dodging
 + Level 3.3 Shields
 * Level 3.5 Unarmed Combat


You had 3 spell levels left.
You didn't know any spells.
Your spell library contained the following spells:

 Spells                   Type           Power      Damage    Failure   Level
 Sandblast                Erth           0%         2d4       80%         1
 Passwall                 Tmut/Erth      0%         N/A       90%         2
 Stone Arrow              Conj/Erth      0%         3d7       99%         3
 Conjure Ball Lightning   Conj/Air       0%         3x3d6     100%        6
 Discord                  Hex            0%         N/A       100%        8
 Disjunction              Tloc           0%         N/A       100%        8


Dungeon Overview and Level Annotations

Branches:
Dungeon (3/15)

Altars:


Innate Abilities, Weirdness & Mutations

You are too large for most types of armour.
You have claws for hands.
Your natural rate of healing is unusually fast.
You are covered in fur. (AC +1)
You have tough skin. (AC +1)


Message History

There is a stone staircase leading down here.
You barely miss the goblin. The goblin closely misses you.
The orc closely misses you. The endoplasm freezes you.
You are frozen.
You scratch the goblin.
The goblin is moderately wounded.
The goblin hits you with a +0 club. You block the orc's attack.
The endoplasm hits you.
You claw the goblin!
You kill the goblin!
You block the orc's attack. The endoplasm closely misses you.
You barely miss the endoplasm. You block the orc's attack.
The endoplasm hits you but does no damage.
You scratch the endoplasm.
The endoplasm is moderately wounded.
The orc barely misses you. The endoplasm barely misses you.
You scratch the endoplasm.
You kill the endoplasm!
You block the orc's attack.
You scratch the orc.
The orc is almost dead.
The orc misses you.
You scratch the orc.
You kill the orc!
You climb downwards.
The gnoll hits you with a +0 flail.
The gnoll hits you with a +0 flail! x2; The goblin closely misses you.
There is a stone staircase leading up here.
The gnoll hits you with a +0 flail! The gnoll barely misses you. x2
You block the gnoll's attack. The goblin barely misses you.
You climb upwards.
There is a stone staircase leading down here.
The gnoll hits you with a +0 flail. You block the gnoll's attack.
You block the goblin's attack. The gnoll barely misses you.
The gnoll hits you with a +0 flail. The gnoll attacks as you move away!
The gnoll hits you with a +0 flail!
* * * LOW HITPOINT WARNING * * *
You feel very mighty all of a sudden. You block the gnoll's attack.
The gnoll hits you with a +0 flail!
You die...

#.......###
###.#.##....#
....#.##..#.###
....#.........#
....######...###
...............#####
....#..............#
...##.#....))......#
...##.#.........@..#
...##.#........ggg.#
...##)##........gg.#
..)).............>.#
...##)#...........)#
...##.#............#
........#.#.......##
###.#.###.........#
#...#.#######.#.######


You could see 4 gnolls and a goblin.

Vanquished Creatures
  Robin (D:2)
  2 dart slugs
  An orc (D:2)
  4 ball pythons (D:2)
  3 endoplasms (D:2)
  2 giant cockroaches (D:2)
  6 hobgoblins
  4 jackals (D:1)
  5 kobolds
  4 quokkas
  2 bats
  2 frilled lizards (D:2)
  16 goblins
  7 rats
59 creatures vanquished.

Notes
Turn   | Place    | Note
-------+----------+-------------------------------------------
     0 | D:1      | cheesebisquit the Troll Fighter began the quest for the
                  | Orb.
     0 | D:1      | Reached XP level 1. HP: 22/22 MP: 0/0
   199 | D:1      | Reached XP level 2. HP: 29/29 MP: 1/1
   991 | D:2      | Reached XP level 3. HP: 33/36 MP: 2/2
  1054 | D:2      | Noticed Robin
  1080 | D:2      | Killed Robin
  1281 | D:2      | Found a faded altar of an unknown god.
  1293 | D:2      | Reached XP level 4. HP: 44/44 MP: 3/3
  2007 | D:2      | Slain by a gnoll

Illustrated notes

Levels and vault maps discovered:
D:1:      dpeg_arrival_concentric_ovals, layout_basic
D:2:      minmay_chambers_of_ones, layout_basic,
          shapermc_ecumenical_altar_acropolis, uniq_robin
D:3:      layout_rooms, minmay_liquid_box

Skill      XL: |  1  2  3 |
---------------+----------+-----
Shields        | 3 |  3.3
Unarmed Combat | 3 |  3.5
Fighting       | |  2.9
Dodging        | |  2.4

Action                     |  1- 3 |  4- 6 || total
---------------------------+-------+-------++-------
  Melee: Unarmed           |   126 |    32 ||   158
  Throw: Stone             |       |     1 ||     1
    Use: Potion            |       |     1 ||     1
 Armour: Robe              |    35 |       ||    35
         Animal skin       |     4 |     6 ||    10
  Dodge: Dodged            |    38 |    20 ||    58
  Block: Kite shield       |    38 |    20 ||    58

Table legend: (Time is in decaauts)
 A = Elapsed time spent in this place.
 B = Non-inter-level travel time spent in this place.
 C = Inter-level travel time spent in this place.
 D = Time resting spent in this place.
 E = Time spent auto-exploring this place.
 F = Levels seen in this place.
 G = Mean time per level.
                   A        B        C        D        E       F      G
               +--------+--------+--------+--------+--------+-----+--------+
         Total |   2021 |   1699 |    322 |      0 |   1325 |   3 |  673.7 |
       Dungeon |   2021 |   1699 |    322 |      0 |   1325 |   3 |  673.7 |
               +--------+--------+--------+--------+--------+-----+--------+

Top non-repeatable levels by time:
     D:1: 1034 daAuts
     D:2: 964 daAuts
     D:3: 23 daAuts
